 Dungeon Crawl Stone Soup version 0.32-a0-468-g38b2580584 (webtiles) character file.

Game seed: 6141838934610237823

8864 shadizar the Geomancer (level 11, 0/67 HPs)
             Began as a Gargoyle Earth Elementalist on Feb 24, 2024.
             Incinerated by a smoke demon (3 damage)
             ... with a pyre arrow
             ... in a Gauntlet.
             The game lasted 00:23:30 (10600 turns).

shadizar the Geomancer (GrEE)                      Turns: 10600, Time: 00:23:31

Health: 0/67       AC: 19    Str: 13    XL:     11   Next: 37%
Magic:  4/21       EV: 12    Int: 25    God:
Gold:   439        SH:  9    Dex: 10    Spells: 20/24 levels left

rFire   + . .        R - staff of earth
rCold   . . .        B - +0 kite shield
rNeg    + . .        n - +2 steam dragon scales
rPois   ∞            (no helmet)
rElec   +            r - +1 cloak
rCorr   .            (no gloves)
SInv    .            o - +1 pair of boots
Will    .....        c - amulet of regeneration
Stlth   +            w - ring of protection from fire
HPRegen 1.11/turn    C - ring of Heresy {Int+6 Slay+3}
MPRegen 0.17/turn

%: no teleportation
@: on fire, spiked, glowing
A: sickness immunity, AC +8, negative energy resistance 1, electricity
resistance, torment resistance 1, petrification resistance
a: no special abilities


You were in a Gauntlet.
You visited 2 branches of the dungeon, and saw 12 of its levels.
You also visited: Sewer and Gauntlet.

You collected 439 gold pieces.

Inventory:

Hand Weapons
 y - a +3 whip of venom
Armour
 n - +2 steam dragon scales (worn)
 o - a +1 pair of boots (worn)
 p - the +0 leather armour of Vehumet's Hatred {+Inv rPois Int+4 Slay+2}
   (You found it on level 3 of the Dungeon)

   Int+4:     It affects your intelligence (+4).
   Slay+2:    It affects your accuracy & damage with ranged weapons and melee
   (+2).
   rPois:     It protects you from poison +Inv: It lets you turn invisible.
 r - a +1 cloak (worn)
 B - a +0 kite shield (worn)
Magical Staves
 K - a staff of cold
 R - a staff of earth (weapon)
Jewellery
 a - an amulet of the acrobat
 c - an amulet of regeneration (around neck)
 l - a +6 ring of dexterity
 v - an amulet of magic regeneration
 w - a ring of protection from fire (left hand)
 C - the ring of Heresy (right hand) {Int+6 Slay+3}
   (You found it on level 6 of the Dungeon)

   [ring of intelligence]

   Int+6:     It affects your intelligence (+6).
   Slay+3:    It affects your accuracy & damage with ranged weapons and melee
   (+3).
 D - a ring of wizardry
Wands
 u - a wand of flame (48)
 Q - a wand of roots (7)
Scrolls
 e - a scroll of silence
 h - 2 scrolls of fear
 k - a scroll of immolation
 q - a scroll of amnesia
 z - 3 scrolls of enchant armour
 H - a scroll of blinking
 M - 3 scrolls of teleportation
Potions
 b - a potion of magic
 d - 2 potions of heal wounds {unknown}
 f - 3 potions of might
 g - 2 potions of haste
 i - 2 potions of ambrosia
 j - a potion of brilliance {unknown}
 m - a potion of enlightenment {unknown}
 s - a potion of cancellation {unknown}
 t - 2 potions of experience {unknown}
 A - 2 potions of curing
 F - a potion of attraction {unknown}
 I - 2 potions of resistance {unknown}
 L - a potion of berserk rage {unknown}
 P - a potion of mutation


   Skills:
 - Level 7.1 Fighting
 + Level 6.5 Dodging
 - Level 2.1 Stealth
 + Level 6.3 Shields
 + Level 7.2 Spellcasting
 + Level 8.2 Conjurations
 + Level 9.8 Earth Magic


You had 20 spell levels left.
You knew the following spells:

 Your Spells              Type           Power      Damage    Failure   Level
a - Sandblast             Erth           100%       2d20      1%          1
b - Stone Arrow           Conj/Erth      100%       3d13      1%          3

Your spell library contained the following spells:

 Spells                   Type           Power      Damage    Failure   Level
 Passwall                 Erth           72%        N/A       1%          3
 Sting                    Conj/Alch      100%       1d9       3%          1
 Brom's Barrelling Bould  Conj/Erth      69%        2d8       4%          4
 Dazzling Flash           Conj/Hex       58%        N/A       11%         3
 Iskenderun's Battlesphe  Conj           50%        2d10      19%         5
 Slow                     Hex            36%        N/A       21%         1
 Petrify                  Alch/Erth      50%        N/A       26%         4
 Mercury Vapours          Alch/Air       18%        N/A       30%         2
 Confusing Touch          Hex            9%         N/A       52%         3
 Sigil of Binding         Hex            9%         N/A       52%         3
 Vampiric Draining        Necr           9%         2d6       52%         3
 Volatile Blastmotes      Fire/Tloc      18%        2d11      52%         3
 Bombard                  Conj/Erth      34%        9d6       58%         6
 Olgreb's Toxic Radiance  Alch           9%         N/A       89%         4
 Starburst                Conj/Fire      14%        6d6       99%         6
 Ozocubu's Refrigeration  Ice            4%         4d8       100%        7
 Spellforged Servitor     Conj/Summ      14%        N/A       100%        7
 Discord                  Hex            4%         N/A       100%        8
 Maxwell's Capacitive Co  Air            4%         ∞         100%        8


Dungeon Overview and Level Annotations

Branches:
Dungeon (10/15)            Temple (1/1) D:7            Lair (0/5) D:10
    Orc (0/2) D:10          Sewer (visited)         Gauntlet (1/1)

Altars:
Ashenzari
Cheibriados
Dithmenos
Elyvilon
Fedhas
Gozag
Hepliaklqana
Kikubaaqudgha
Makhleb
Nemelex Xobeh
Okawaru
Qazlal
Ru
Sif Muna
Uskayaw
Vehumet
Wu Jian
Xom
Yredelemnul
Zin
The Shining One

Shops:
D:1 !   D:2 (**   D:3 =   D:5 [

Annotations:
D:7 1 runed translucent door, Crazy Yiuf
Temple 4 transporters Gauntlet 12 transporters, 2 runed translucent doors


Innate Abilities, Weirdness & Mutations

You are immune to sickness and miasma.
Your stone body is resilient. (AC +8)
You are immune to poison.
You resist negative energy. (rN+)
You are resistant to electric shocks. (rElec)
You are resistant to unholy torment.
You are immune to petrification.


Message History

Unknown command.
Unknown command.
Unknown command.
Casting: Stone Arrow (safe; 1% risk of failure)
Confirm with . or Enter, or press ? or * to list all spells.
Aiming: Stone Arrow (safe; 1% risk of failure)
Press: ? - help, Shift-Dir - straight line, f/p - smoke demon
Aim: a smoke demon (almost dead, 81% to hit)
You feel a surge of power!
The stone arrow misses the smoke demon.
The liquid fire burns you!
The crimson imp blinks!
The smoke demon gestures at you. Something smites you!
* * * LOW HITPOINT WARNING * * *
Unknown command.
Unknown command.
Unknown command.
Casting: Stone Arrow (safe; 1% risk of failure)
Confirm with . or Enter, or press ? or * to list all spells.
Aiming: Stone Arrow (safe; 1% risk of failure)
Press: ? - help, Shift-Dir - straight line, f/p - smoke demon
Aim: a smoke demon (almost dead, 81% to hit)
You feel a surge of power!
The stone arrow hits the smoke demon!
You kill the smoke demon!
The liquid fire burns you!
* * * LOW HITPOINT WARNING * * *
You block the crimson imp's attack.
Unknown command.
Unknown command.
Unknown command.
Unknown command.
Casting: Stone Arrow (safe; 1% risk of failure)
Confirm with . or Enter, or press ? or * to list all spells.
Aiming: Sandblast (safe; 1% risk of failure)
Press: ? - help, Shift-Dir - straight line, f - crimson imp
Aim: a crimson imp (78% to hit)
You feel a surge of power!
The blast of sand misses the crimson imp.
The liquid fire burns you!
You die...

#.#3......#.#..ß#ß..#.§##
#.#4#..##.#.#...ß...#..≈#
#.#4..©##.#.#ß.ß.ß.ß#..##
#.#.###..4#.##ß.©.ß##..≈#
#.#.###..3#.#ß.ß.ß.ß#..##
#.#.###..4#.#...ß...#..≈#
#.#.)!©..4#.#..54$..#..##
#####################..≈#
......©.........@.#...###
......©..........5#...§#
###################..###
.#.......zz#.........≈#
.#..##.##.z#........###
.#.#..#..#.#..#≈#≈#≈#
.#.#.©#..#.#..#######
.#..#####..#..≈#
.#.#..#..#.#..#######


You could see a neqoxec, a red devil, 3 chaos spawn, 3 laughing skulls and 2
crimson imps.

Vanquished Creatures
  3 two-headed ogres (D:10)
  Maggie (D:10)
  A smoke demon (Gauntlet)
  A troll (D:10)
  A hornet (D:10)
  Sigmund (D:6)
  3 wyverns
  A wraith (D:9)
  9 yaks
  A basilisk (D:10)
  4 steam dragons
  A warg (D:10)
  3 water moccasins
  Pargi (Sewer)
  2 black bears
  A sky beast (D:7)
  2 ogres
  4 wolves (D:10)
  2 centaurs
  A phantom (D:4)
  2 kobold brigands
  A weeping skull (D:8)
  A brain worm (Sewer)
  A bullfrog (D:8)
  2 gnoll sergeants
  4 scorpions
  4 killer bees (D:8)
  2 howler monkeys
  2 bombardier beetles (D:5)
  2 crimson imps (Gauntlet)
  A hound (D:6)
  5 jellies
  2 orc priests
  5 iguanas
  4 orc wizards
  A sleepcap (D:5)
  14 gnolls
  7 adders
  A shadow imp (D:6)
  3 white imps
  2 ribbon worms
  13 orcs
  3 ball pythons
  5 bats
  13 endoplasms
  7 giant cockroaches
  10 goblins
  4 hobgoblins
  3 jackals
  10 quokkas
  3 frilled lizards
  21 kobolds
  6 rats
  A spectral orc (D:8)
208 creatures vanquished.

Notes
Turn   | Place    | Note
-------+----------+-------------------------------------------
     0 | D:1      | shadizar the Gargoyle Earth Elementalist began the quest
                  | for the Orb.
     0 | D:1      | Reached XP level 1. HP: 10/10 MP: 3/3
   265 | D:1      | Reached XP level 2. HP: 16/16 MP: 1/5
   317 | D:1      | Found Osmischo's Distillery.
   586 | D:1      | Reached skill level 1 in Fighting
   680 | D:1      | Reached XP level 3. HP: 20/20 MP: 2/6
   931 | D:2      | Reached skill level 4 in Earth Magic
  1170 | D:2      | Found Wafau's General Store.
  1267 | D:2      | Found a faded altar of an unknown god.
  1287 | D:2      | Found Gainaosu's General Store.
  1407 | D:2      | Found Mulao's Weapon Emporium.
  1664 | D:3      | Found a stormy altar of Qazlal.
  1669 | D:3      | Identified the +0 leather armour of Vehumet's Hatred {+Inv
                  | rPois Int+4 Slay+2}
  1718 | D:3      | Reached XP level 4. HP: 26/26 MP: 3/7
  1770 | D:3      | Found a glowing drain.
  1824 | Sewer    | Entered a sewer
  1824 | Sewer    | Noticed a brain worm
  1844 | Sewer    | Killed a brain worm
  1845 | Sewer    | Reached XP level 5. HP: 12/30 MP: 0/9
  1935 | Sewer    | Noticed Pargi
  1941 | Sewer    | Killed Pargi
  1942 | Sewer    | Reached XP level 6. HP: 18/36 MP: 3/10
  1950 | Sewer    | Learned a level 3 spell: Stone Arrow
  2276 | D:3      | Found a radiant altar of Vehumet.
  2430 | D:3      | Found Riometho's Jewellery Shop.
  2513 | D:3      | Reached skill level 5 in Earth Magic
  2769 | D:4      | Reached XP level 7. HP: 41/41 MP: 4/12
  3472 | D:4      | Found a shimmering altar of Xom.
  4115 | D:5      | Entered Level 5 of the Dungeon
  4323 | D:5      | Reached XP level 8. HP: 47/48 MP: 1/14
  4472 | D:5      | Reached skill level 6 in Earth Magic
  4676 | D:5      | Found a blossoming altar of Fedhas.
  4676 | D:5      | Found a broken altar of Ashenzari.
  5002 | D:5      | Found Plog's Antique Armour Shoppe.
  5175 | D:6      | Noticed Sigmund
  5179 | D:6      | Killed Sigmund
  5180 | D:6      | Reached skill level 5 in Conjurations
  5208 | D:6      | Identified the ring of Heresy {Int+6 Slay+3}
  5481 | D:6      | Reached skill level 5 in Fighting
  5494 | D:6      | Reached skill level 1 in Shields
  5593 | D:6      | Reached XP level 9. HP: 50/54 MP: 11/16
  5901 | D:7      | Found a runed translucent door.
  5902 | D:7      | Noticed Crazy Yiuf
  5980 | D:7      | Reached skill level 7 in Earth Magic
  6089 | D:7      | Found a staircase to the Ecumenical Temple.
  6100 | Temple   | Found a transporter.
  6100 | Temple   | Found a transporter.
  6100 | Temple   | Found a transporter.
  6100 | Temple   | Found a transporter.
  6100 | Temple   | Entered the Ecumenical Temple
  6135 | D:7      | Reached skill level 5 in Spellcasting
  6724 | D:7      | Found a sparkling altar of Nemelex Xobeh.
  7008 | D:8      | Found an opulent altar of Gozag.
  7454 | D:8      | Found a basalt altar of Yredelemnul.
  8306 | D:9      | Reached skill level 5 in Dodging
  8646 | D:9      | Reached skill level 8 in Earth Magic
  8646 | D:9      | Reached XP level 10. HP: 61/61 MP: 15/18
  9130 | D:10     | Entered Level 10 of the Dungeon
  9138 | D:10     | Noticed a two-headed ogre
  9149 | D:10     | Killed a two-headed ogre
  9271 | D:10     | Noticed a two-headed ogre
  9275 | D:10     | Killed a two-headed ogre
  9360 | D:10     | Noticed Maggie
  9367 | D:10     | Killed Maggie
  9559 | D:10     | Noticed a two-headed ogre
  9616 | D:10     | Killed a two-headed ogre
  9617 | D:10     | Reached skill level 5 in Shields
  9741 | D:10     | Reached skill level 9 in Earth Magic
  9791 | D:10     | Found a staircase to the Orcish Mines.
  9862 | D:10     | Reached XP level 11. HP: 58/67 MP: 2/21
 10180 | D:10     | Found a staircase to the Lair.
 10224 | D:10     | You fall into a shaft and drop 2 floors!
 10341 | D:12     | Noticed a cyclops
 10361 | D:12     | Found a gate leading to a gauntlet.
 10369 | Gauntlet | Entered a Gauntlet
 10369 | Gauntlet | Found a transporter.
 10369 | Gauntlet | Found a transporter.
 10372 | Gauntlet | Noticed a necromancer
 10373 | Gauntlet | Found a transporter.
 10376 | Gauntlet | Found a transporter.
 10378 | Gauntlet | Found a transporter.
 10421 | Gauntlet | Found a transporter.
 10424 | Gauntlet | Found a transporter.
 10424 | Gauntlet | Found a transporter.
 10426 | Gauntlet | Noticed a wretched star
 10428 | Gauntlet | Found a runed translucent door.
 10444 | Gauntlet | Found a transporter.
 10458 | Gauntlet | Found a transporter.
 10460 | Gauntlet | Found a runed translucent door.
 10461 | Gauntlet | Noticed a wretched star
 10482 | Gauntlet | Found a transporter.
 10482 | Gauntlet | Noticed a hell beast
 10489 | Gauntlet | Found a transporter.
 10530 | Gauntlet | Found a transporter.
 10547 | Gauntlet | Found a transporter.
 10599 | Gauntlet | HP: 2/67 [burnt (6)]
 10600 | Gauntlet | Incinerated by a smoke demon

Illustrated notes

Levels and vault maps discovered:
D:1:      mrwooster_arrival_statue_2, layout_rooms, serial_shops,
          nicolae_shop_rolling_square, corexii_corridor_pit, st_stairs_1,
          interstate_on_off, bh_walls_and_bars
D:2:      layout_basic, dreamdust_ecumenical_altar_angels_and_demons,
          serial_shops, shop, shop, shop, kennysheep_decorative_pillar
D:3:      layout_rooms, vehumet_altar_wand_db, nicolae_qazlal_scattered_showers,
          gup_sewer_entry_pipe, serial_shops, nicolae_shop_hallway_plus
D:4:      layout_basic, xom_confusion_cloud, minmay_pentangle
D:5:      layout_basic, gammafunk_temple_overflow_elements, serial_shops,
          nicolae_shop_back_alley_shop
D:6:      layout_basic, uniq_sigmund
D:7:      layout_basic, nemelex_dance_club_becter,
          minmay_temple_entry_stoned_glass, uniq_crazy_yiuf_cottage
D:8:      layout_loops_corners, nicolae_gozag_seed_capital,
          yredelemnul_forgotten_temple_becter
D:9:      layout_long_grid, blue_anna_alchemist
D:10:     layout_long_grid, bloody_trog, minmay_lair_entry_grove,
          minmay_orc_entry_guard_dogs, uniq_maggie
D:12:     layout_roguey, gauntlet_entry_generic
Temple:   hellmonk_temple_divided_pantheon
Gauntlet: gammafunk_gauntlet_mixed_choke_point [minmay_gauntlet_arena_77_braids,
          minmay_gauntlet_arena_77_block_sizes,
          minmay_gauntlet_arena_77_terracotta_army,
          nicolae_gauntlet_arena_quarters,
          minmay_gauntlet_arena_77_chump_sandwich,
          minmay_gauntlet_arena_77_shame_cube, minmay_gauntlet_arena_77_museum,
          nicolae_gauntlet_exit_dead_adventurers]

Skill      XL: |  1  2  3  4  5  6  7  8  9 10 11 |
---------------+----------------------------------+-----
Fighting       | 1 2 3 4 5 6 7 |  7.1
Earth Magic    | 4 5 6 8 9 |  9.8
Dodging        | 2 3 4 5 6 |  6.5
Conjurations   | 2 3 4 5 6 7 8 |  8.2
Spellcasting   | 3 4 5 6 7 |  7.2
Shields        | 1 3 5 6 |  6.3
Stealth        | |  2.1

Action                     |  1- 3 |  4- 6 |  7- 9 | 10-12 || total
---------------------------+-------+-------+-------+-------++-------
  Melee: Unarmed           |     8 |       |       |       ||     8
         Mace              |       |    12 |    37 |       ||    49
         Staff             |       |       |       |    40 ||    40
   Cast: Sandblast         |    47 |    43 |   133 |    65 ||   288
         Stone Arrow       |       |     4 |    31 |    37 ||    72
    Use: Potion            |       |     3 |       |       ||     3
         Scroll            |       |     8 |     9 |     1 ||    18
 Armour: Robe              |     9 |       |       |       ||     9
         Leather armour    |       |    33 |    86 |    17 ||   136
         Steam dragon scal |       |       |       |    65 ||    65
  Dodge: Dodged            |    13 |    21 |    40 |    54 ||   128
  Block: Kite shield       |       |       |    14 |    50 ||    64

Table legend: (Time is in decaauts)
 A = Elapsed time spent in this place.
 B = Non-inter-level travel time spent in this place.
 C = Inter-level travel time spent in this place.
 D = Time resting spent in this place.
 E = Time spent auto-exploring this place.
 F = Levels seen in this place.
 G = Mean time per level.
                   A        B        C        D        E       F      G
               +--------+--------+--------+--------+--------+-----+--------+
         Total |  10791 |  10432 |    359 |      0 |   8222 |  14 |  770.8 |
       Dungeon |  10162 |   9803 |    359 |      0 |   7957 |  11 |  923.8 |
        Temple |     29 |     29 |      0 |      0 |      0 |   1 |   29.0 |
         Sewer |    369 |    369 |      0 |      0 |    265 |   1 |  369.0 |
      Gauntlet |    230 |    230 |      0 |      0 |      0 |   1 |  230.0 |
               +--------+--------+--------+--------+--------+-----+--------+

Top non-repeatable levels by time:
     D:4: 1495 daAuts
     D:8: 1315 daAuts
    D:10: 1130 daAuts
     D:7: 1111 daAuts
     D:5: 987 daAuts
     D:1: 845 daAuts
     D:2: 839 daAuts
     D:9: 838 daAuts
     D:6: 743 daAuts
     D:3: 704 daAuts
   Sewer: 369 daAuts
Gauntlet: 230 daAuts
    D:12: 149 daAuts
  Temple: 29 daAuts
